 Dungeon Crawl Stone Soup version 0.27.0-1-g7a089689b8 (webtiles) character file.

Game seed: 8704269363890722955

60571 wakim the Frost Mage (level 14, -4/83 HPs)
             Began as a Deep Elf Ice Elementalist on Aug 3, 2021.
             Was a High Priest of Vehumet.
             Slain by an ice dragon (6 damage)
             ... on level 6 of the Lair of Beasts.
             The game lasted 01:27:45 (30509 turns).

wakim the Frost Mage (Deep Elf Ice Elementalist)   Turns: 30509, Time: 01:27:46

Health: -4/83      AC: 25    Str:  6    XL:     14   Next: 57%
Magic:  4/29       EV: 18    Int: 32    God:    Vehumet [*****.]
Gold:   2520       SH:  5    Dex: 15    Spells: 5/31 levels left

rFire    + . .     SeeInvis .   a - +5 mace "Ximisusaikk" {vorpal, rN+ Will+ Int+7}
rCold    . . .     Faith    .   n - +0 buckler of Vuirulal {rElec}
rNeg     + . .     Spirit   .   g - +0 steam dragon scales
rPois    +         Reflect  .   P - +0 helmet
rElec    +         Harm     .   h - +2 cloak {rPois}
rCorr    .         Rampage  .   j - +0 pair of gloves
Will     ++...                  (no boots)
Stlth    ++........             i - amulet of the acrobat
HPRegen  0.23/turn              f - +4 ring of protection
MPRegen  0.21/turn              q - ring of protection from fire

@: ice-armoured, about to teleport
A: no striking features
a: Renounce Religion


You were on level 6 of the Lair of Beasts.
You worshipped Vehumet.
Vehumet was extremely pleased with you.
You visited 3 branches of the dungeon, and saw 19 of its levels.
You also visited: Bailey.

You collected 2520 gold pieces.

Inventory:

Hand Weapons
 a - the +5 mace "Ximisusaikk" (weapon) {vorpal, rN+ Will+ Int+7}
   (You found it on level 7 of the Dungeon)

   It inflicts extra damage upon your enemies.
   Int:       It affects your intelligence (+7).
   rN:        It protects you from negative energy.
   Will:      It increases your willpower.
 b - the +5 flail of Vuoquch {flame, *Rage rPois rCorr Int+8}
   (You found it on level 6 of the Dungeon)

   It burns those it strikes, dealing additional fire damage.
   Int:       It affects your intelligence (+8).
   rPois:     It protects you from poison.
   *Rage:     It may make you go berserk in combat.
   rCorr:     It protects you from acid and corrosion.
 m - the +5 hand crossbow of the Firefly {flame, rN+}
   (You took it off an orc in a bailey)

   Any ammunition fired from it burns those it strikes, dealing additional fire
   damage.
   rN:        It protects you from negative energy.
Missiles
 p - 7 throwing nets {=f!f}
 S - 10 curare-tipped darts {=f}
Armour
 g - +0 steam dragon scales (worn)
 h - a +2 cloak of poison resistance (worn)
 j - a +0 pair of gloves (worn)
 n - the +0 buckler of Vuirulal (worn) {rElec}
   (You found it on level 9 of the Dungeon)

   rElec:     It insulates you from electricity.
 z - a +2 kite shield
 P - a +0 helmet (worn)
Jewellery
 e - a ring of positive energy
 f - a +4 ring of protection (left hand)
 i - an amulet of the acrobat (around neck)
 k - a ring of flight
 o - a ring of see invisible
 q - a ring of protection from fire (right hand)
 s - a ring of ice
 U - a ring of protection from fire
Wands
 t - a wand of digging (5)
 u - a wand of mindburst (9)
 w - a wand of flame (24)
 x - a wand of charming (10)
 y - a wand of paralysis (18)
Scrolls
 c - a scroll of amnesia
 d - a scroll of enchant armour
 l - a scroll of enchant weapon
 r - 4 scrolls of identify
 Q - 4 scrolls of immolation {!r!r}
 R - 4 scrolls of magic mapping {!r}
 T - 9 scrolls of teleportation
Potions
 A - 6 potions of ambrosia
 B - 2 potions of attraction {!q}
 C - 3 potions of berserk rage {!q}
 D - 7 potions of brilliance
 E - 3 potions of cancellation
 F - 6 potions of curing
 G - 9 potions of flight
 H - 7 potions of haste
 I - a potion of invisibility
 J - a potion of heal wounds
 K - a potion of magic
 L - a potion of lignification {!q}
 M - 8 potions of mutation {!q}
 N - 5 potions of might
 O - a potion of resistance
Miscellaneous
 v - a lightning rod (4/4)


   Skills:
 + Level 7.7 Fighting
 - Level 4.0 Maces & Flails
 + Level 11.8 Dodging
 - Level 2.4 Stealth
 - Level 4.0 Shields
 * Level 9.0 Spellcasting
 - Level 12.0 Conjurations
 + Level 13.5 Ice Magic
 - Level 12.0 Air Magic


You had 5 spell levels left.
You knew the following spells:

 Your Spells              Type           Power      Damage    Failure   Level
a - Airstrike             Air            37%        N/A       1%          4
b - Frozen Ramparts       Ice            100%       1d12      1%          3
c - Ozocubu's Armour      Ice            79%        N/A       1%          3
d - Static Discharge      Conj/Air       74%        N/A       1%          2
e - Lightning Bolt        Conj/Air       37%        1d55      1%          5
f - Conjure Ball Lightni  Conj/Air       37%        3x3d12    1%          6
s - Swiftness             Air            74%        N/A       1%          3

Your spell library contained the following spells:

 Spells                   Type           Power      Damage    Failure   Level
 Lee's Rapid Deconstruct  Erth           7%         3d7*      24%         5
 Freeze                   Ice            100%       1d11      0%          1
 Shock                    Conj/Air       100%       1d9       1%          1
 Corpse Rot               Necr/Air       N/A        N/A       1%          2
 Dazzling Flash           Conj/Hex       100%       N/A       1%          3
 Stone Arrow              Conj/Erth      100%       3d13      1%          3
 Hailstorm                Conj/Ice       77%        3d16      1%          4
 Iskenderun's Mystic Bla  Conj/Tloc      52%        2d11      1%          4
 Summon Ice Beast         Ice/Summ       55%        N/A       1%          4
 Beastly Appendage        Tmut           28%        N/A       3%          1
 Wereblood                Tmut           14%        N/A       4%          2
 Bolt of Magma            Conj/Fire/Erth 20%        4d10      5%          5
 Olgreb's Toxic Radiance  Pois           14%        N/A       9%          4
 Gell's Gravitas          Tloc           7%         N/A       10%         3
 Lesser Beckoning         Tloc           7%         N/A       10%         3
 Spider Form              Tmut/Pois      7%         N/A       10%         3
 Teleport Other           Tloc           14%        N/A       10%         3
 Dispel Undead            Necr           14%        3d10      32%         4
 Summon Mana Viper        Hex/Summ       14%        N/A       67%         5
 Ozocubu's Refrigeration  Ice            39%        4d12      3%          7
 Starburst                Conj/Fire      26%        8x6d8     12%         6
 Maxwell's Capacitive Co  Air            37%        ∞         36%         8
 Death Channel            Necr           7%         N/A       99%         6
 Dispersal                Tloc           7%         N/A       99%         6
 Monstrous Menagerie      Summ           7%         N/A       100%        7
 Discord                  Hex            7%         N/A       100%        8
 Disjunction              Tloc           7%         N/A       100%        8
 Ignition                 Fire           7%         3d4       100%        8
 Shatter                  Erth           7%         3d9*      100%        9


Dungeon Overview and Level Annotations

Branches:
Dungeon (12/15)            Temple (1/1) D:4            Lair (6/6) D:11
  Swamp (0/4) Lair:3        Snake (0/4) Lair:2        Slime (0/5) Lair:6
    Orc (0/2) D:11         Bailey (visited)

Altars:
Ashenzari
Cheibriados
Dithmenos
Elyvilon
Fedhas
Gozag
Hepliaklqana
Kikubaaqudgha
Makhleb
Nemelex Xobeh
Okawaru
Qazlal
Ru
Sif Muna
Trog
Uskayaw
Vehumet
Wu Jian
Xom
Yredelemnul
Zin
The Shining One

Shops:
D:10 *

Annotations:
D:11 5 exclusions
Lair:3 exclusion: oklob plant


Message History

The ice dragon is almost dead.
The ice dragon breathes frost at you. The blast of cold misses you.
Casting: Lightning Bolt (mildly dangerous; 1% risk of failure)
Confirm with . or Enter, or press ? or * to list all spells.
You don't have enough magic to cast this spell.
Unknown command.
Casting: Lightning Bolt (mildly dangerous; 1% risk of failure)
Confirm with . or Enter, or press ? or * to list all spells.
You don't have enough magic to cast this spell.
Unknown command.
You barely miss the ice dragon.
The ice dragon is almost dead.
You block the ice dragon's attack. The ice dragon completely misses you.
The ice dragon tramples you but does no damage.
Your icy armour will break if you move.
Continue? [Y]es or [N]o only, please.
Your icy armour will break if you move.
Continue?
Okay, then.
You completely miss the ice dragon.
The ice dragon is almost dead.
The ice dragon barely misses you. The ice dragon claws you.
The ice dragon tramples you but does no damage.
You closely miss the ice dragon.
The ice dragon is almost dead.
The ice dragon misses you. You block the ice dragon's attack.
The ice dragon tramples you!
You hold your ground!
You hit the ice dragon but do no damage.
The ice dragon is almost dead.
You block the ice dragon's attack. The ice dragon claws you!
The ice dragon tramples you but does no damage.
The ice dragon breathes frost at you. The blast of cold hits you!!!
Ouch! That really hurt!
* * * LOW HITPOINT WARNING * * *
As you read the scroll of teleportation, it crumbles to dust.
You feel strangely unstable.
The ice dragon bites you but does no damage.
The ice dragon claws you.
You die...

########
###...##.# ##
##.......######.
##...###.....##..
###...##
##.....#..
#..8##.#
###.....#
##@..### #.#[...
#D#...## ##.#...
$(###...# ####..
#$.$ ##..## ##. #
#$$$ ##..## ##..
# #$$$ ###...#
##... # ### ##$
##.##..# ###...#
#.##### ##..#..##
#......
#....#####.#...##
##)....


You could see an ice dragon (catching breath).

Vanquished Creatures
  An ogre mage (D:11)
  Fannar (Lair:2)
  The ghost of melvinkitnick the Quickloader, a journeyman FoHu of Okawaru (D:10)
  6 hydras
  A boulder beetle (Lair:6)
  Harold (Lair:1)
  2 two-headed ogres (D:11)
  4 death yaks (Lair:6)
  Urug (Lair:1)
  Sonja (Lair:5)
  The ghost of semitonal the Zephyrmancer, a novice NaAE (D:6)
  2 bog bodies (Lair:3)
  An orc knight (Bailey)
  A lindwurm (Lair:6)
  An ugly thing (D:11)
  3 spectral centaurs (D:10)
  A wolf spider (Lair:6)
  5 elephants (Lair:4)
  A guardian serpent (Lair:6)
  Joseph (Lair:1)
  8 black mambas
  13 cane toads
  5 torpor snails (Lair:6)
  Psyche (D:8)
  A gargoyle (D:11)
  5 rime drakes
  Maggie (D:6)
  6 komodo dragons
  A queen bee (Lair:3)
  A polar bear (Lair:4)
  4 tyrant leeches (Lair:6)
  18 blink frogs
  12 hornets
  Prince Ribbit (Lair:2)
  3 redbacks (Lair:6)
  2 centaur simulacra (D:10)
  Eustachio (D:5)
  11 wyverns
  36 yaks
  A vampire (D:9)
  A wraith (D:11)
  8 basilisks
  A shadow (D:10)
  Grum (Lair:1)
  2 steam dragons
  2 vampire mosquitoes (D:10)
  Edmund (D:4)
  2 acid dragons
  A swamp worm (Lair:3)
  3 hell hounds (D:11)
  33 water moccasins
  3 ice beasts
  5 sky beasts
  A hornet zombie (D:7)
  12 orc warriors
  A necrophage (D:5)
  2 black bears
  16 wolves
  5 ogres
  A phantom (D:7)
  A kobold brigand (D:5)
  9 bullfrogs
  2 water moccasin skeletons
  33 killer bees
  9 wights
  4 vampire bats (Lair:2)
  3 howler monkeys
  8 electric eels
  A bullfrog zombie (D:7)
  3 hounds
  4 centaur zombies
  8 orc priests
  Crazy Yiuf (D:7)
  A jelly (D:6)
  3 bullfrog skeletons
  5 iguanas
  11 orc wizards
  A statue (D:9)
  6 adders
  2 gnolls (Bailey)
  2 howler monkey skeletons (D:6)
  3 white imps
  4 ufetubi
  A worm (D:2)
  2 dart slugs
  66 orcs
  8 endoplasms
  3 giant cockroaches
  13 goblins
  7 hobgoblins
  11 jackals
  22 kobolds
  2 quokkas
  5 ball pythons
  15 bats
  3 frilled lizards
  2 rats (D:1)
552 creatures vanquished.

Vanquished Creatures (collateral kills)
  A ball lightning (Lair:3)
1 creature vanquished.

Vanquished Creatures (others)
  A wizard (D:3)
  32 ball lightnings
  2 bushes
  66 fungi
  130 plants
231 creatures vanquished.

Grand Total: 784 creatures vanquished

Notes
Turn   | Place    | Note
-------+----------+-------------------------------------------
     0 | D:1      | wakim the Deep Elf Ice Elementalist began the quest for the
                  | Orb.
     0 | D:1      | Reached XP level 1. HP: 10/10 MP: 6/6
   228 | D:1      | Reached XP level 2. HP: 10/15 MP: 6/8
   848 | D:1      | Reached skill level 5 in Ice Magic
  1163 | D:1      | Reached XP level 3. HP: 15/19 MP: 7/10
  1167 | D:1      | Learned a level 3 spell: Frozen Ramparts
  1171 | D:1      | Learned a level 3 spell: Ozocubu's Armour
  1554 | D:1      | Found a faded altar of an unknown god.
  2940 | D:3      | Reached XP level 4. HP: 23/24 MP: 8/12
  3201 | D:3      | Found a bloodstained altar of Trog.
  3202 | D:3      | Noticed a wizard
  3208 | D:3      | Killed a wizard
  3678 | D:3      | Found a sparkling altar of Nemelex Xobeh.
  3682 | D:3      | Reached skill level 6 in Ice Magic
  3891 | D:4      | Reached XP level 5. HP: 28/28 MP: 9/13
  3927 | D:4      | Reached skill level 7 in Ice Magic
  4296 | D:4      | Found a staircase to the Ecumenical Temple.
  4300 | D:4      | Learned a level 2 spell: Static Discharge
  4304 | Temple   | Entered the Ecumenical Temple
  4446 | D:4      | Reached skill level 1 in Fighting
  4459 | D:4      | Reached XP level 6. HP: 33/34 MP: 0/14
  4640 | D:4      | Reached skill level 1 in Conjurations
  4640 | D:4      | Reached skill level 1 in Air Magic
  4898 | D:4      | Found an opulent altar of Gozag.
  5553 | D:5      | Entered Level 5 of the Dungeon
  5600 | D:5      | Noticed a water moccasin
  5607 | D:5      | Killed a water moccasin
  5621 | D:5      | Reached XP level 7. HP: 39/39 MP: 4/15
  5787 | D:5      | Reached skill level 5 in Dodging
  6276 | D:5      | Noticed Eustachio
  6417 | D:5      | Noticed Edmund
  6476 | D:4      | Killed Edmund
  6740 | D:5      | Reached XP level 8. HP: 43/45 MP: 10/16
  6757 | D:5      | Killed Eustachio
  7310 | D:6      | Noticed Maggie
  7312 | D:6      | HP: 1/46 [Maggie/bolt of fire (22)]
  7821 | D:6      | Identified the +0 chain mail "Irauteoc" {-Cast rPois rC+
                  | rCorr}
  7870 | D:6      | Identified the +1 robe of Beogh's Grace {Rampage}
  7977 | D:6      | Killed Maggie
  8079 | D:6      | Reached XP level 9. HP: 52/52 MP: 11/17
  8217 | D:6      | Reached skill level 5 in Conjurations
  8318 | D:6      | Identified the +5 flail of Vuoquch {flame, *Rage rPois
                  | rCorr Int+8}
  8523 | D:6      | Found a transporter.
  8523 | D:6      | Found a transporter.
  8524 | D:6      | Noticed semitonal's ghost (novice NaAE)
  8683 | D:6      | Reached skill level 5 in Air Magic
  9419 | D:7      | Learned a level 5 spell: Lightning Bolt
 10195 | D:7      | Identified the +7 quarterstaff of Amorality {freeze, Str+3}
 10417 | D:7      | Found a runed translucent door.
 10417 | D:7      | Noticed Crazy Yiuf
 10427 | D:7      | Killed Crazy Yiuf
 10431 | D:7      | Identified the +5 mace "Ximisusaikk" {vorpal, rN+ Will+
                  | Int+7}
 10539 | D:7      | Found a sacrificial altar of Ru.
 10815 | D:8      | Reached skill level 5 in Spellcasting
 10821 | D:8      | Reached XP level 10. HP: 26/56 MP: 12/19
 11020 | D:8      | Found a flagged portal.
 11029 | Bailey   | Entered a bailey
 11047 | Bailey   | Noticed an orc knight
 11310 | Bailey   | Killed an orc knight
 11502 | Bailey   | Identified the +5 hand crossbow of the Firefly {flame, rN+}
 11505 | Bailey   | Reached skill level 1 in Maces & Flails
 12249 | D:8      | Found a broken altar of Ashenzari.
 12602 | D:8      | Noticed Psyche
 12605 | D:8      | Killed Psyche
 13588 | D:9      | Reached skill level 5 in Fighting
 13903 | D:9      | Identified the +0 buckler of Vuirulal {rElec}
 14096 | D:9      | Found a radiant altar of Vehumet.
 14111 | D:9      | Became a worshipper of Vehumet
 14154 | D:9      | Found a white marble altar of Elyvilon.
 14184 | D:9      | Found an ornate altar of the Wu Jian Council.
 14251 | D:10     | Entered Level 10 of the Dungeon
 14592 | D:10     | Found Keudem's Overcharged Wands.
 14611 | D:10     | Reached skill level 1 in Shields
 14620 | D:10     | Reached XP level 11. HP: 52/64 MP: 16/20
 14737 | D:10     | Found a runed translucent gate.
 14738 | D:10     | Found a runed translucent gate.
 14739 | D:10     | Found a runed translucent gate.
 14741 | D:10     | Noticed melvinkitnick's ghost (journeyman FoHu)
 15172 | D:10     | Reached skill level 10 in Air Magic
 15271 | D:10     | Found a hazy altar of Hepliaklqana.
 15570 | D:6      | Killed semitonal's ghost
 15803 | D:11     | Noticed a cyan ugly thing
 16196 | D:11     | Noticed a hell knight
 16504 | D:11     | Reached * piety under Vehumet
 16504 | D:11     | Offered knowledge of Shock by Vehumet.
 16908 | D:11     | Killed a cyan ugly thing
 16917 | D:11     | Noticed an ogre mage
 16923 | D:11     | Noticed a two-headed ogre
 16932 | D:11     | Found a staircase to the Lair.
 16950 | D:11     | Killed a two-headed ogre
 16959 | D:11     | Killed an ogre mage
 17136 | D:11     | Learned a level 6 spell: Conjure Ball Lightning
 17468 | D:11     | Noticed a two-headed ogre
 17686 | D:11     | Killed a two-headed ogre
 17892 | D:11     | Found a staircase to the Orcish Mines.
 18198 | D:12     | Noticed a two-headed ogre
 18198 | D:12     | Noticed a cyan ugly thing
 18245 | Lair:1   | Entered Level 1 of the Lair of Beasts
 18343 | Lair:1   | Reached XP level 12. HP: 68/70 MP: 18/21
 18435 | Lair:1   | Noticed Harold
 18450 | Lair:1   | Killed Harold
 18450 | Lair:1   | Offered knowledge of Searing Ray by Vehumet.
 18537 | Lair:1   | Reached ** piety under Vehumet
 18782 | Lair:1   | Noticed Grum
 18786 | Lair:1   | Noticed Urug
 19206 | Lair:1   | Noticed Joseph
 19208 | Lair:1   | Killed Urug
 19209 | Lair:1   | Killed Grum
 19702 | Lair:1   | Killed Joseph
 19703 | Lair:1   | Reached skill level 10 in Conjurations
 20713 | Lair:2   | Found a staircase to the Snake Pit.
 20775 | Lair:2   | Learned a level 4 spell: Airstrike
 21106 | Lair:2   | Noticed Fannar
 21336 | Lair:2   | Noticed Prince Ribbit
 21345 | Lair:2   | Killed Prince Ribbit
 21352 | Lair:2   | Offered knowledge of Ignite Poison by Vehumet.
 21353 | Lair:2   | Reached skill level 10 in Dodging
 21353 | Lair:2   | Reached skill level 8 in Ice Magic
 21740 | Lair:2   | Killed Fannar
 22020 | Lair:2   | Identified a scroll of acquirement
 22020 | Lair:2   | Acquired 643 gold pieces
 22196 | Lair:3   | Noticed a five-headed hydra
 22219 | Lair:3   | Killed a five-headed hydra
 22473 | Lair:3   | Reached *** piety under Vehumet
 23308 | Lair:3   | Reached skill level 9 in Ice Magic
 23364 | Lair:3   | Found a staircase to the Swamp.
 23563 | Lair:3   | Reached XP level 13. HP: 65/74 MP: 16/27
 23568 | Lair:3   | Offered knowledge of Conjure Flame by Vehumet.
 23767 | Lair:3   | Learned a level 3 spell: Swiftness
 24034 | Lair:4   | Reached **** piety under Vehumet
 24381 | Lair:4   | Reached skill level 10 in Ice Magic
 24385 | Lair:4   | Offered knowledge of Freezing Cloud by Vehumet.
 24510 | Lair:4   | Found a radiant altar of Vehumet.
 25061 | Lair:5   | Noticed Sonja
 25098 | Lair:5   | Killed Sonja
 25362 | D:10     | Killed melvinkitnick's ghost
 25738 | Lair:5   | Reached skill level 11 in Ice Magic
 26295 | Lair:6   | Entered Level 6 of the Lair of Beasts
 26604 | Lair:6   | Found a staircase to the Slime Pits.
 27192 | Lair:6   | Reached skill level 12 in Ice Magic
 27226 | Lair:6   | Reached ***** piety under Vehumet
 27226 | Lair:6   | Offered knowledge of Lee's Rapid Deconstruction by Vehumet.
 27362 | Lair:6   | Reached XP level 14. HP: 80/80 MP: 10/28
 28995 | Lair:6   | Reached skill level 13 in Ice Magic
 29406 | Lair:6   | Found a runed translucent door.
 30508 | Lair:6   | HP: 2/83 [ice dragon/blast of cold (57)]
 30509 | Lair:6   | Slain by an ice dragon

Illustrated notes

Levels and vault maps discovered:
D:1:      psy_arrival_basics, layout_basic,
          hellmonk_ecumenical_altar_heavens_door
D:2:      layout_basic
D:3:      layout_rooms, trog_wizard, nemelex_dance_club_becter,
          minmay_goblin_outpost
D:4:      layout_loops_corners, nicolae_gozag_cash_rules_everything_around_me,
          minmay_temple_entry_proselytizer, hex_tiny, amcnicky_mini_pool_small
D:5:      layout_rooms, grunt_decor_resistance, guppyfry_early_lair_pool,
          uniq_eustachio, uniq_edmund
D:6:      layout_rooms, gammafunk_ghost_hive, minmay_joined_circles, uniq_maggie
D:7:      layout_basic, mainiacjoe_overflow_brackets, uniq_crazy_yiuf_cottage
D:8:      layout_basic, pf_just_have_faith, enter_ossuary_2, enter_bailey_8,
          special_room [special_room_orc], uniq_psyche
D:9:      layout_grid_maze, vehumet_statue, nicolae_wu_jian_immortal_techniques,
          nicolae_elyvilon_peaceful_grove
D:10:     wander_river, layout_basic, nzn_hepliaklqana_mist_gate,
          gammafunk_ghost_necromancy, nicolae_shop_overcharged_wands
D:11:     layout_roguey, lair_entry_dummy, erik_orc_2, minmay_rotating_lava
D:12:     layout_basic, nicolae_dithmenos_shadow_blocks, uniq_rupert
Temple:   dshaligram_water_room_temple
Lair:1:   layout_long_grid, serial_bayou_shore_a, grunt_megastairs_2,
          infiniplex_staircase_pool_2, uniq_harold, uniq_grum, uniq_urug,
          uniq_joseph
Lair:2:   layout_roguey, dummy_snake_entry, roderic_batcave,
          chequers_serial_rivers_large_b, grunt_megastairs_1, uniq_fannar,
          uniq_prince_ribbit2
Lair:3:   layout_roguey [special_room_bee], nicolae_swamp_entry_splash_gauntlet,
          minmay_lair_oklob_items, serial_bayou_crossing
Lair:4:   layout_loops_ring, basic_altar
Lair:5:   layout_regular_city, st_stairs_5, serial_bayou_shore_b,
          lemuel_fruit_tree, uniq_sonja
Lair:6:   wormcave, layout_loops_ring, hangedman_lair_tendril_chambers,
          slime_dummy

Skill      XL: |  1  2  3  4  5  6  7  8  9 10 11 12 13 14 |
---------------+-------------------------------------------+-----
Ice Magic      | 5 6 7 9 12 13 | 13.5
Spellcasting   | 4 5 8 9 |  9.0
Dodging        | 3 4 6 8 10 11 | 11.8
Fighting       | 1 2 3 4 5 6 7 |  7.7
Conjurations   | 1 3 4 8 9 10 12 | 12.0
Air Magic      | 1 2 4 7 9 10 11 12 | 12.0
Maces & Flails | 2 4 |  4.0
Shields        | 1 4 |  4.0
Stealth        | |  2.4

Action                   |  1- 3 |  4- 6 |  7- 9 | 10-12 | 13-15 || total
-------------------------+-------+-------+-------+-------+-------++-------
Melee: Unarmed           |     1 |       |       |       |       ||     1
       Trident           |    70 |    28 |       |       |       ||    98
       Dagger            |       |    13 |    40 |       |       ||    53
       Dire flail        |       |       |    29 |       |       ||    29
       Flail             |       |       |    31 |       |     9 ||    40
       Mace              |       |       |     9 |   255 |   192 ||   456
       Quarterstaff      |       |       |     6 |       |       ||     6
 Cast: Freeze            |    32 |     3 |       |       |       ||    35
       Frozen Ramparts   |    14 |    25 |    45 |    96 |    68 ||   248
       Ozocubu's Armour  |     3 |     7 |    29 |    58 |    46 ||   143
       Static Discharge  |       |     6 |    22 |    21 |    34 ||    83
       Lightning Bolt    |       |       |     3 |    39 |    33 ||    75
       Conjure Ball Ligh |       |       |       |     7 |     6 ||    13
       Airstrike         |       |       |       |    28 |    58 ||    86
Evoke: Wand              |       |       |       |     5 |       ||     5
       Lightning rod     |       |       |       |     2 |       ||     2
  Use: Scroll            |     1 |     4 |    11 |    13 |     3 ||    32
       Potion            |       |       |       |     1 |     1 ||     2
 Stab: Sleeping          |     2 |       |     1 |       |       ||     3
Armor: Robe              |    25 |    20 |    41 |       |       ||    86
       Steam dragon scal |       |       |    31 |   112 |   120 ||   263
Dodge: Dodged            |    81 |    48 |   136 |   358 |   333 ||   956
Block: Buckler           |       |       |       |    63 |    92 ||   155
